 Dungeon Crawl Stone Soup version 0.21.1-1-g345015f (webtiles) character file.

73 Iko the Slasher (level 4, 0/36 HPs)
             Began as a Vine Stalker Berserker on May 7, 2018.
             Was a Believer of Trog.
             Succumbed to a kobold's poison
             ... on level 3 of the Dungeon.
             The game lasted 00:05:26 (436 turns).

Iko the Slasher (Vine Stalker Berserker)             Turns: 436, Time: 00:05:27

Health: 0/36       AC:  2    Str: 25    XL:     4   Next: 27%
Magic:  3/5        EV: 12    Int:  8    God:    Trog [**....]
Gold:   71         SH:  0    Dex: 13    Spells: 3/3 levels left

rFire    . . .     SeeInvis .   g - +0 long sword
rCold    . . .     Gourm    .   (no shield)
rNeg     . . .     Faith    .   b - +0 animal skin
rPois    .         Spirit   +   (no helmet)
rElec    .         Reflect  .   (no cloak)
rCorr    .         Harm     .   (no gloves)
MR       .....                  (no boots)
Stlth    ..........             f - amulet of guardian spirit
HPRegen  0.52/turn              (no ring)
MPRegen  0.09/turn              (no ring)

@: berserking, lethally poisoned (0 -> -6), very slightly contaminated,
invisible, very quick
A: fangs 2, regeneration 1, magic shield, antimagic bite, no potion heal 3, rot
immunity
a: Berserk, Trog's Hand, Burn Spellbooks, Renounce Religion


You were on level 3 of the Dungeon.
You worshipped Trog.
Trog was pleased with you.
You were not hungry.

You visited 1 branch of the dungeon, and saw 3 of its levels.

You collected 71 gold pieces.

Inventory:

Hand Weapons
 g - a +0 long sword (weapon)
Armour
 b - a +0 animal skin (worn)
Jewellery
 f - an amulet of guardian spirit (around neck)
Potions
 e - 2 potions of curing
Comestibles
 c - 3 rations


   Skills:
 + Level 3.3 Fighting
 + Level 3.5 Long Blades
 + Level 1.7 Armour
 + Level 2.1 Dodging
 + Level 0.4 Stealth


You had 3 spell levels left.
You didn't know any spells.

Dungeon Overview and Level Annotations

Branches:
Dungeon (3/15)

Altars:
Xom


Innate Abilities, Weirdness & Mutations

You have extremely sharp teeth.
Your natural rate of healing is unusually fast.
When hurt, damage is shared between your health and your magic reserves.
Your bite disrupts and absorbs the magic of your enemies.
Potions cannot restore your health.
You are immune to rotting.


Message History

The poisoned needle misses you.
The poisoned needle hits the gnoll!
The gnoll is poisoned.
You feel sick.
The goblin shouts!
The gnoll misses you.
The kobold shoots a poisoned needle.
The poisoned needle hits you!
You are lethally poisoned!
Items here: ( )) [ †† You strike the helpless gnoll from behind!
You slash the gnoll!
The gnoll is severely wounded.
* * * LOW HITPOINT WARNING * * *
You feel sick. The gnoll hits you.
* * * LOW HITPOINT WARNING * * *
You catch the helpless gnoll completely off-guard!
You slash the gnoll!
You kill the gnoll!
Trog accepts your kill.
Your Dodging skill increases to level 2!
You die...

#################
#..).lg(@.$.Kog..
#.###############
#.......#
#g†g....#
#...o....
##.....#l....
#.....#.....


You could see a gnoll, an orc, a goblin, a kobold and a frilled lizard.

Vanquished Creatures
  A gnoll shaman (D:3)
  A gnoll (D:3)
  An adder (D:2)
  2 dart slugs (D:1)
  A giant cockroach (D:2)
  2 goblins
  5 hobgoblins
  2 kobolds (D:1)
  4 ball pythons
  4 bats
  A frilled lizard (D:1)
  A rat (D:1)
25 creatures vanquished.

Notes
Turn   | Place    | Note
-------+----------+-------------------------------------------
     0 | D:1      | Iko the Vine Stalker Berserker began the quest for the Orb.
     0 | D:1      | Reached XP level 1. HP: 11/11 MP: 2/2
   135 | D:1      | Reached XP level 2. HP: 16/16 MP: 3/3
   144 | D:1      | Found a shimmering altar of Xom.
   364 | D:2      | Reached XP level 3. HP: 14/20 MP: 4/4
   430 | D:3      | Reached ** piety under Trog
   433 | D:3      | Gained mutation: Your natural rate of healing is unusually fast. [Vine Stalker growth]
   433 | D:3      | Reached XP level 4. HP: 6/24 MP: 5/5
   435 | D:3      | HP: 1/36 [gnoll (3)]
   436 | D:3      | Succumbed to a kobold's poison

Skill      XL: |  1  2  3  4 |
---------------+-------------+-----
Long Blades    | 3 |  3.5
Fighting       | 3 |  3.3
Dodging        | 2 |  2.1
Armour         | |  1.7
Stealth        | |  0.4

Action                   |  1- 3 |  4- 6 || total
-------------------------+-------+-------++-------
Melee: Falchion          |    61 |       ||    61
       Bite              |    24 |       ||    24
       Long sword        |    11 |     2 ||    13
Invok: Berserk           |     1 |       ||     1
  Use: Potion            |     4 |       ||     4
       Scroll            |     1 |       ||     1
 Stab: Invisible         |     3 |     2 ||     5
Armor: Animal skin       |    16 |       ||    16
Dodge: Dodged            |    43 |     2 ||    45
       Rpst.: Falchion   |    10 |       ||    10
       Long sword        |     6 |       ||     6
